[Event "Live Chess"]
[Site "Chess.com"]
[Date "2023.05.21"]
[Round "-"]
[White "ranvir123"]
[Black "LiamClery2020"]
[Result "0-1"]
[WhiteElo "988"]
[BlackElo "2006"]
[TimeControl "300"]
[EndTime "7:57:32 PDT"]
[Termination "LiamClery2020 won by resignation"]

1. e4 Nf6 2. e5 Nd5 3. d4 d6 4.
Nf3 dxe5 5. dxe5 Bg4 6. Nc3 e6 7. h3 Bxf3 8. Qxf3 Nc6 9. Nxd5 exd5 10. Bb5 Qd7 11. O-O O-O-O 12. Bg5 Re8 13. Rfe1 Kb8 14. Rad1 Bc5 15. Qxd5 Qxd5 16. Rxd5 Bd6 17. Re3 Nb4 18. Rxd6 cxd6 19. Bxe8 Rxe8 20. exd6 Rxe3 21. fxe3 Kc8 22. e4 f6 23. Bf4 Nxc2 24. e5 Nd4 25. Be3 Nf5 26.
Bxa7 fxe5 27. g4 Nxd6 28. Kf2 Kd7 29. Ke3 Ke6 30. a4 Nc4+ 31. Ke4 Nxb2 32. Bb8 Nxa4 33. Bxe5 Nc5+ 34. Kd4 Nb3+ 35. Ke4 g6 36. Bf4 Nc5+ 37.
Kd4 Nd7 38. Bh6 b5 39. Kc3 Kd5 40. Kb4 Kc6 41. Bg7 Nb6 42. Kb3 Nd5 43. Bf8 Nf4 44. h4 Ne6 45. Ba3 Kd5 46. h5 g5 47. Kb4 Kc6 48.
Bb2 Nc7 49. Be5 Nd5+ 50. Ka5 Ne3 51. Bf6 h6 52. Bg7 Nxg4 53. Bxh6 Nxh6 54. Kb4 g4 55. Kc3 g3 56. Kd2 g2 57. Ke2 g1=Q 0-1

[Event "Live Chess"]
[Site "Chess.com"]
[Date "2023.05.21"]
[Round "-"]
[White "RichardABates"]
[Black "GMHarry-youtube"]
[Result "1-0"]
[WhiteElo "2161"]
[BlackElo "2029"]
[TimeControl "300"]
[EndTime "7:57:39 PDT"]
[Termination "RichardABates won by checkmate"]

1. d4 Nf6 2. Nf3 g6 3. g3 Bg7 4.
Bg2 O-O 5. O-O d5 6. c4 c6 7. cxd5 cxd5 8. Ne5 Nc6 9. Nc3 e6 10. Nf3 Nd7 11. Bf4 Nb6 12. b3 h6 13. h4 f6 14.
Qd2 Kh7 15. e4 e5 16. Be3 dxe4 17. Nxe4 f5 18. Neg5+ hxg5 19. Nxg5+ Kg8 20. d5 Nd4 21. Rac1 Nxd5 22. Bxd4 exd4 23. h5 Bh6 24. hxg6 Bxg5 25. Bxd5+ Qxd5 26. Qxg5 Bd7 27. Qh6 Rf7 28. gxf7+ Kxf7 29. Rc7 Qe6 30. Qh7+ Ke8 31. Qh8+ Ke7 32. Qxa8 Qd6 33.
Qxb7 d3 34. Rxd7+ Qxd7 35. Qxd7+ Kxd7 36. Rd1 d2 37. Rxd2+ Kc6 38. Kg2 Kc7 39. Kf3 Kc6 40. Kf4 Kc7 41. Kxf5 Kc6 42. g4 Kc7 43. g5 Kc6 44. g6 Kc7 45. g7 Kc6 46. g8=Q Kc7 47. Qd8+ Kc6 48. Qd7+ Kb6 49. b4 a5 50. Rd6# 1-0

[Event "Live Chess"]
[Site "Chess.com"]
[Date "2023.05.21"]
[Round "-"]
[White "ramses-IIG"]
[Black "DoYouLikeCurry"]
[Result "1/2-1/2"]
[WhiteElo "877"]
[BlackElo "1457"]
[TimeControl "300"]
[EndTime "7:57:44 PDT"]
[Termination "Game drawn - timeout vs insufficient material"]

1. e4 c6 2. Nf3 d5 3. e5 Bf5 4. d4 e6 5. Bg5 Qb6 6. b3 c5 7.
c3 Nc6 8. Bd3 cxd4 9. Bxf5 exf5 10. cxd4 Bb4+ 11. Bd2 Nxd4 12. Nxd4 Qxd4 13. Bxb4 Qxb4+ 14. Qd2 Qe4+ 15. Qe2 Qxe2+ 16. Kxe2 f6 17. f4 fxe5 18.
fxe5 Ne7 19. Rf1 O-O 20. Kf2 Nc6 21. e6 Rae8 22. Re1 Nb4 23. Re2 Nd3+ 24. Kg1 Nf4 25.
Rc2 Nxe6 26. Nc3 d4 27. Nd5 Rc8 28. Rxc8 Rxc8 29. Ne7+ Kf7 30. Nxc8 Kf6 31. Nd6 Ke5 32. Nxb7 Ke4 33. Nd6+ Ke3 34. Nxf5+ Ke2 35. Rc1 d3 36. Ng3+ Kd2 37. Rf1 Kc2 38. Ne4 d2 39. Nxd2 Kxd2 40. Rf7 Kc2 41. Rxa7 Kb2 42. Kf2 Nd4 43. Rxg7 Kxa2 44.
Rxh7 Kxb3 45. g4 Ne6 46. h4 Nf4 47. Kf3 Ng6 48. h5 Nh4+ 49. Kf4 Ng2+ 50. Kf5 Ne3+ 51. Ke6 Nxg4 52. Rc7 Nh6 53. Kd5 Nf5 54. Ke4 Ng3+ 55.
Kd3 Nxh5 56. Rb7+ Ka4 57. Kc3 Ka5 58. Kc4 Ka6 59. Rb1 Ka5 60. Kc5 Ka4 61. Kc6 Ka5 62. Rb8 Ka4 1/2-1/2

[Event "Live Chess"]
[Site "Chess.com"]
[Date "2023.05.21"]
[Round "-"]
[White "Hussamalhaidar"]
[Black "LiamBellwood"]
[Result "0-1"]
[WhiteElo "1145"]
[BlackElo "1910"]
[TimeControl "300"]
[EndTime "7:57:51 PDT"]
[Termination "LiamBellwood won on time"]

1. b3 e6 2. Bb2 f5 3. e3 Nf6 4.
Nf3 b6 5. Nc3 Bb7 6. Be2 Be7 7.
d3 O-O 8. Qd2 d6 9. O-O-O e5 10.
Kb1 a5 11. a3 Nc6 12. h4 d5 13.
h5 Ng4 14. Rdf1 e4 15. dxe4 dxe4 16. Qxd8 Raxd8 17. Nh4 Bc8 18. Nb5 Rd2 19. Bc4+ Kh8 20. f3 Nh6 21. fxe4 Bxh4 22. Rxh4 Rxg2 23. exf5 Rxf5 24.
Rxf5 Nxf5 25. Rf4 h6 26. e4 Nce7 27. exf5 Bxf5 28. Bd3 Bxd3 29. cxd3 c6 30. Rf8+ Kh7 31. Rf7 Nd5 32. Nd6 Kg8 33. Bxg7 Rxg7 34. Rxg7+ Kxg7 35. Nf5+ Kh7 36. Kc2 Nf4 37. Ng3 Kg7 38. Kc3 Kf6 39.
Kc4 Ke5 40. d4+ Kd6 41. Nf5+ Kd7 42. Nxh6 Nxh5 43. Nf7 Nf6 44. Ne5+ Kd6 45. Nf7+ Ke6 46. Ng5+ Kd7 47. Nf7 Nd5 48. Ne5+ Kd6 49. Nf7+ Kc7 50. Ne5 Ne3+ 51. Kd3 Nd1 0-1

[Event "Live Chess"]
[Site "Chess.com"]
[Date "2023.05.21"]
[Round "-"]
[White "TheSmoulderingMaster"]
[Black "garyjc"]
[Result "1-0"]
[WhiteElo "1661"]
[BlackElo "1080"]
[TimeControl "300"]
[EndTime "7:57:59 PDT"]
[Termination "TheSmoulderingMaster won by resignation"]

1. e4 c5 2. Nf3 a6 3. d4 cxd4 4. Nxd4 b5 5. Nc3 Bb7 6. Be3 e5 7. Nf5 Nf6 8. Bd3 Be7 9. Bg5 O-O 10. O-O Nc6 11. Nxe7+ Nxe7 12. Bxf6 gxf6 13. f4 d6 14.
fxe5 dxe5 15. Rxf6 Ng6 16. Nd5 Bxd5 17. Rxg6+ fxg6 18. exd5 Qxd5 19. Qg4 Qd4+ 20. Qxd4 exd4 21. h3 Rf7 22. Be4 Raf8 23. Bd5 Kg7 24. Bxf7 Rxf7 25.
Rd1 Rd7 26. Kf2 Rd5 27. Kf3 Kf6 28. Ke4 Re5+ 29. Kxd4 Re2 30. Rf1+ Kg7 31. Rc1 Rxg2 32. Kc5 Rg5+ 33. Kb6 a5 34. Kxa5 b4+ 35. Kxb4 Rg3 36. a4 Rxh3 37. a5 Rh4+ 38. c4 g5 39. a6 g4 40. a7 1-0

[Event "Live Chess"]
[Site "Chess.com"]
[Date "2023.05.21"]
[Round "-"]
[White "JoshMcK"]
[Black "educatedlad"]
[Result "1-0"]
[WhiteElo "1571"]
[BlackElo "1625"]
[TimeControl "300"]
[EndTime "7:58:01 PDT"]
[Termination "JoshMcK won by resignation"]

1. e4 Nf6 2. e5 Ng8 3. d4 Nc6 4. Nf3 d6 5. Nc3 dxe5 6. d5 Nb8 7. Nxe5 e6 8. Qf3 Qf6 9. Bb5+ Nd7 10. Qxf6 Nxf6 11.
Nxd7 Bxd7 12. Bxd7+ Kxd7 13. dxe6+ fxe6 14. Be3 Bd6 15.
O-O-O Rad8 16. Nb5 a6 17. Nxd6 cxd6 18. Bb6 Rc8 19.
Bd4 e5 20. Bxe5 Ke6 21. Bxf6 gxf6 22. Rhe1+ Kd7 23. Rd3 Rhe8 24. Rxe8 Rxe8 25. Kd2 Rg8 26. g3 h5 27. Rd5 Rg5 28. Rxg5 fxg5 29. Ke3 Ke6 30. Ke4 b5 31. f4 d5+ 32. Kd4 g4 33. a3 Kd6 34. b3 1-0

[Event "Live Chess"]
[Site "Chess.com"]
[Date "2023.05.21"]
[Round "-"]
[White "ShanthamGrarks"]
[Black "OleksiyJr1"]
[Result "1-0"]
[WhiteElo "1952"]
[BlackElo "1033"]
[TimeControl "300"]
[EndTime "7:58:03 PDT"]
[Termination "ShanthamGrarks won by resignation"]

1. d4 Nf6 2. Nc3 c6 3. e4 d5 4. e5 e6 5. exf6 Qxf6 6. Nf3 Qxf3 7. Qxf3 Bb4 8. Bd3 Bxc3+ 9. bxc3 Bd7 10. Ba3 Kd8 11.
Qxf7 Kc7 1-0

[Event "Live Chess"]
[Site "Chess.com"]
[Date "2023.05.21"]
[Round "-"]
[White "MartynColebrook"]
[Black "Crowded_House"]
[Result "0-1"]
[WhiteElo "1300"]
[BlackElo "1611"]
[TimeControl "300"]
[EndTime "7:58:06 PDT"]
[Termination "Crowded_House won by checkmate"]

1. e4 e6 2. d4 d5 3. exd5 exd5 4.
c4 c6 5. Nc3 Nf6 6. Bf4 Bb4 7.
Qc2 Bxc3+ 8. bxc3 O-O 9. Bd3 h6 10. Nf3 Re8+ 11. Ne5 Nbd7 12. O-O Nxe5 13. dxe5 Nd7 14.
Rfe1 dxc4 15. Bxc4 Nb6 16. Bb3 Nd5 17. Rad1 Be6 18.
Qc1 Qa5 19. c4 Nxf4 20. Qxf4 Red8 21. Rd6 Qxe1# 0-1

[Event "Live Chess"]
[Site "Chess.com"]
[Date "2023.05.21"]
[Round "-"]
[White "davigator"]
[Black "LordBenin"]
[Result "1-0"]
[WhiteElo "2293"]
[BlackElo "1394"]
[TimeControl "300"]
[EndTime "7:58:18 PDT"]
[Termination "davigator won by resignation"]

1. e4 c6 2. d4 d5 3. e5 Bf5 4. c4 e6 5. Nc3 Nd7 6. g4 Bg6 7. Nge2 dxc4 8. Nf4 Bb4 9. Bxc4 Nb6 10.
Bb3 Ne7 11. O-O Nbd5 12. Ncxd5 Nxd5 13. Bxd5 cxd5 14. Qa4+ Qd7 15. Qxb4 Be4 16. f3 Bg6 17. h4 h6 18. Nxg6 fxg6 19. Be3 Rc8 20. Rac1 Kf7 21. Kg2 Rxc1 22. Rxc1 b6 23. Qc3 Rd8 24. Rc2 Qe7 25. Bf2 Rd7 26. Qd3 Kg8 27. Qxg6 1-0

[Event "Live Chess"]
[Site "Chess.com"]
[Date "2023.05.21"]
[Round "-"]
[White "HonestJoe1"]
[Black "WelshTiger"]
[Result "0-1"]
[WhiteElo "2089"]
[BlackElo "2343"]
[TimeControl "300"]
[EndTime "7:58:22 PDT"]
[Termination "WelshTiger won by resignation"]

1. d4 d5 2. Nf3 Nf6 3. c4 e6 4. g3 c5 5. cxd5 exd5 6. Bg2 Nc6 7. O-O Be7 8. Nc3 O-O 9. b3 Ne4 10. Bb2 Bf6 11. Na4 b5 12. Nc3 Nxd4 13. Nxd4 Bxd4 14. e3 Bxc3 0-1

[Event "Live Chess"]
[Site "Chess.com"]
[Date "2023.05.21"]
[Round "-"]
[White "AlanPaling"]
[Black "Conradical12"]
[Result "1-0"]
[WhiteElo "1418"]
[BlackElo "1532"]
[TimeControl "300"]
[EndTime "7:58:24 PDT"]
[Termination "AlanPaling won by checkmate"]

1. c4 e5 2. Nc3 Nc6 3. Nf3 Bc5 4. Nxe5 Nxe5 5. d4 Nxc4 6. dxc5 Na5 7. e4 Nc6 8. Be3 Nge7 9. Bc4 O-O 10. Qe2 d6 11.
cxd6 cxd6 12. O-O Ng6 13. Nd5 Be6 14. Rfd1 Na5 15. Rac1 Bxd5 16. Bxd5 Qd7 17. Qd2 Ne5 18. Qxa5 Qg4 19. Rf1 Nf3+ 20. Kh1 Nh4 21. Rg1 Ng6 22.
f3 Qh5 23. Qd2 Ne5 24. Bb3 Kh8 25. Bf4 g5 26. Bg3 f5 27. exf5 Rxf5 28. Qxd6 Ng6 29.
Rc7 Raf8 30. Qd7 Nf4 31. Qg7# 1-0

[Event "Live Chess"]
[Site "Chess.com"]
[Date "2023.05.21"]
[Round "-"]
[White "GEMdzq"]
[Black "luckywookie"]
[Result "1-0"]
[WhiteElo "2227"]
[BlackElo "811"]
[TimeControl "300"]
[EndTime "7:58:27 PDT"]
[Termination "GEMdzq won by checkmate"]

1. e4 c6 2. d4 d5 3. e5 c5 4. dxc5 Nc6 5. Nf3 e6 6. Be3 Nge7 7. Bb5 Qa5+ 8. Nc3 a6 9. Bd3 Nf5 10.
Bxf5 exf5 11. Qxd5 Be6 12. Qd2 Bxc5 13. O-O Bxe3 14. Qxe3 O-O 15. a3 Rad8 16. Rfd1 Rxd1+ 17. Rxd1 Rd8 18. Rxd8+ Qxd8 19. Qd3 Kf8 20. Kf1 h6 21. h4 Ke7 22. Qe3 Bc4+ 23. Kg1 Be6 24. Qc5+ Ke8 25. b4 Nb8 26. a4 Nd7 27. Qd6 g5 28.
hxg5 hxg5 29. Nd4 Nxe5 30. Qxe5 g4 31. Qh8+ Ke7 32. Qxd8+ Kxd8 33. Nxe6+ fxe6 34. Kf1 Ke7 35. Ke2 Kd6 36. Kd3 Ke5 37. g3 b6 38. a5 f4 39. Ne2 fxg3 40. fxg3 b5 41. c4 bxc4+ 42.
Kxc4 Kd6 43. b5 axb5+ 44. Kxb5 Kc7 45. a6 Kb8 46. Kb6 Ka8 47. Nc3 e5 48. Ne4 Kb8 49.
Nf6 Ka8 50. Nxg4 e4 51. Ne3 Kb8 52. g4 Ka8 53. g5 Kb8 54. g6 Ka8 55. g7 Kb8 56.
g8=Q# 1-0

[Event "Live Chess"]
[Site "Chess.com"]
[Date "2023.05.21"]
[Round "-"]
[White "Ninifu"]
[Black "slava_ukr"]
[Result "0-1"]
[WhiteElo "2021"]
[BlackElo "2337"]
[TimeControl "300"]
[EndTime "7:58:40 PDT"]
[Termination "slava_ukr won on time"]

1. d4 d5 2. c4 e5 3. dxe5 d4 4. a3 Nc6 5. e3 Nge7 6. exd4 Nxd4 7. Nf3 Nec6 8. Nxd4 Nxd4 9. Be3 c5 10. Bxd4 cxd4 11.
Bd3 Be7 12. O-O O-O 13. Nd2 Qc7 14. Nf3 Bg4 15. Re1 Rfe8 16. Qe2 Bf8 17. Qe4 f5 18. Qd5+ Kh8 19. Ng5 Re7 20. e6 Rd8 21. Qe5 Qxe5 22. Rxe5 Rde8 23. Rae1 g6 24. Nf7+ Kg8 25. Nd6 Rd8 26.
c5 Bg7 27. Rd5 f4 28. Bc4 Kf8 29. Nb5 Rxd5 30. Bxd5 d3 31. f3 Bxe6 32. Bxe6 d2 33. Rd1 Rxe6 34. Rxd2 Ke7 35. b4 Re1+ 36. Kf2 Rc1 37. g3 fxg3+ 38. hxg3 a6 39. Nd6 b5 40. Ne4 Be5 41. c6 Rxc6 42. Nc5 Bd6 43. f4 a5 0-1

[Event "Live Chess"]
[Site "Chess.com"]
[Date "2023.05.21"]
[Round "-"]
[White "friarnator"]
[Black "MarkCheck"]
[Result "1-0"]
[WhiteElo "2030"]
[BlackElo "1571"]
[TimeControl "300"]
[EndTime "7:58:42 PDT"]
[Termination "friarnator won on time"]

1. e4 c5 2. d4 d6 3. c3 cxd4 4. Nf3 Nf6 5. Qxd4 Nc6 6. Bb5 Bd7 7. Bxc6 Bxc6 8. e5 dxe5 9. Nxe5 Qxd4 10. cxd4 Bxg2 11.
Rg1 Bd5 12. Nc3 a6 13. Bg5 e6 14. O-O-O Rc8 15. Kb1 Be7 16. Nxd5 exd5 17. Rde1 O-O 18. Bh6 Nh5 19. Nd7 Rfe8 20. Re5 g6 21. Rxh5 Bd8 22. Rxd5 Re2 23. Nc5 Be7 24. Be3 Bxc5 25. dxc5 h5 26. Rd3 1-0

[Event "Live Chess"]
[Site "Chess.com"]
[Date "2023.05.21"]
[Round "-"]
[White "daveeeeR"]
[Black "Tiltador"]
[Result "1-0"]
[WhiteElo "1293"]
[BlackElo "871"]
[TimeControl "300"]
[EndTime "7:58:46 PDT"]
[Termination "daveeeeR won on time"]

1. d4 d5 2. Bf4 e6 3. Nf3 Bd6 4.
e3 Bxf4 5. exf4 Nf6 6. Bd3 O-O 7.
O-O Ne4 8. Nbd2 f5 9. Ne5 Nxd2 10. Qxd2 Nc6 11. c4 Nxd4 12. cxd5 exd5 13. Rac1 Nc6 14. Nxc6 bxc6 15. Bc2 Qf6 16. Rfe1 Bb7 17. b3 a6 18.
Qa5 Rfc8 19. Qc3 Qxc3 20. Bxf5 Qf6 21. Bxc8 Rxc8 22. g3 Rf8 23. Re5 Qd6 24. Rce1 Qa3 25. R1e2 Qc1+ 26. Kg2 Qc5 27. Re7 Qd6 28. R2e6 Qd8 29.
a4 c5 30. a5 d4+ 31. f3 Qd5 32. Re2 Qxf3+ 33. Kg1 Qh1+ 34. Kf2 Qxh2+ 35. Ke1 Qg1+ 36.
Kd2 Qxg3 37. Rxc7 Bf3 38. Ree7 Qxf4+ 39. Kc2 Qf5+ 40. Kb2 Qf6 41. Re1 d3+ 42. Ka3 Be2 43. Rxc5 Qe7 44. b4 Qe4 45. Rg1 Qd4 46. Rcg5 g6 47.
R5g2 Qc3+ 48. Ka2 Qc2+ 49. Ka3 1-0

[Event "Live Chess"]
[Site "Chess.com"]
[Date "2023.05.21"]
[Round "-"]
[White "CheckThis4"]
[Black "lord_cll"]
[Result "1-0"]
[WhiteElo "2529"]
[BlackElo "1206"]
[TimeControl "300"]
[EndTime "7:58:50 PDT"]
[Termination "CheckThis4 won by resignation"]

1. d4 Nf6 2. Nc3 g6 3. e4 Bg7 4.
e5 Ng8 5. Nf3 e6 6. h4 Ne7 7. h5 Na6 8. h6 Bf8 9. Bxa6 bxa6 10. Bg5 Bb7 11. Bf6 Rg8 12. Ng5 c6 13. Nxh7 Qb6 14. Nxf8 Qxb2 15. Ne4 Rb8 16. Rb1 Qa3 17.
h7 Qa5+ 18. c3 Kxf8 19. h8=Q Rxh8 20. Rxh8+ Ng8 21. Qd2 Qa3 22. Qh6+ 1-0

[Event "Live Chess"]
[Site "Chess.com"]
[Date "2023.05.21"]
[Round "-"]
[White "Shepherds_Pie"]
[Black "Doge_Dandolo"]
[Result "0-1"]
[WhiteElo "1937"]
[BlackElo "1866"]
[TimeControl "300"]
[EndTime "7:58:52 PDT"]
[Termination "Doge_Dandolo won by resignation"]

1. c4 Nf6 2. Nc3 c5 3. Nf3 e6 4.
d4 cxd4 5. Nxd4 b6 6. e4 d6 7. Be2 a6 8. O-O Bb7 9. Qc2 Be7 10. Be3 Nbd7 11. f3 O-O 12. Rad1 Rc8 13. b3 Re8 14. Qd2 Qc7 15. Qe1 Qb8 16. Qf2 Ba8 17. g4 b5 18.
g5 Nh5 19. f4 g6 20. Bxh5 gxh5 21. Qh4 bxc4 22. bxc4 Rxc4 23. Nd5 exd5 24. Nf5 Rxe4 25. Qxh5 Rxe3 26. Nh6+ Kh8 27. Nxf7+ Kg7 28. Nh6 Rf8 29. f5 Ne5 30. f6+ Bxf6 31. gxf6+ Rxf6 32. Rxf6 Kxf6 33. Rf1+ Ke6 34. Ng4 Qg8 35. h3 d4 36.
Rf6+ Kd5 37. Kf2 Rxh3 38. Qxh3 Nxg4+ 39. Ke2 Nxf6 40. Qf3+ Ke6 41. Qb3+ Bd5 0-1

[Event "Live Chess"]
[Site "Chess.com"]
[Date "2023.05.21"]
[Round "-"]
[White "wadsy27"]
[Black "Rusty_Bridges"]
[Result "1-0"]
[WhiteElo "2539"]
[BlackElo "1506"]
[TimeControl "300"]
[EndTime "7:58:59 PDT"]
[Termination "wadsy27 won by resignation"]

1. c4 e5 2. g3 Bc5 3. Bg2 Nc6 4. Nc3 Nf6 5. Nf3 d6 6. d3 Be6 7. O-O Qd7 8. e3 Bh3 9. a3 Bxg2 10. Kxg2 h5 11.
h4 Ng4 12. b4 Bb6 13. d4 exd4 14. exd4 a6 15. c5 dxc5 16. dxc5 Qxd1 17. Rxd1 Ba7 18. Re1+ Ne7 19. Nd5 1-0

[Event "Live Chess"]
[Site "Chess.com"]
[Date "2023.05.21"]
[Round "-"]
[White "LL220284LL"]
[Black "KeithArkell"]
[Result "1/2-1/2"]
[WhiteElo "2231"]
[BlackElo "2457"]
[TimeControl "300"]
[EndTime "7:59:06 PDT"]
[Termination "Game drawn - insufficient material"]

1. b3 b5 2. Bb2 Bb7 3. e3 Nf6 4. Nf3 b4 5. d4 e6 6. Bd3 c5 7. O-O cxd4 8. Nxd4 Nc6 9. Ne2 Be7 10. a3 a5 11. axb4 axb4 12. Nd2 Rxa1 13. Qxa1 O-O 14. Nf3 Qc7 15. Rd1 Ra8 16. Qc1 h6 17. Ned4 Nxd4 18. Nxd4 Ne8 19. Qd2 Qb6 20. Be2 Bf6 21. Qc1 Nd6 22.
Bf3 Bxf3 23. Nxf3 Bxb2 24. Qxb2 Ra7 25. h3 Ne4 26. Qe5 d5 27. Nd4 Nc3 28. Re1 Qc7 29. Qxc7 Rxc7 30. Ra1 g6 31. Ra8+ Kg7 32. Rb8 e5 33.
Nf3 Ne2+ 34. Kh2 f6 35. Rxb4 Rxc2 36. Rb7+ Kg8 37. Rd7 Nc1 38. Kg3 Nd3 39. Nh4 Nxf2 40. Nxg6 Ne4+ 41. Kh2 Rc3 42. Ne7+ Kf8 43. Nxd5 Rxb3 44.
Nc7 Rxe3 45. Ne6+ Kg8 46. Rg7+ Kh8 47. Rg6 h5 48. Rh6+ Kg8 49. Rxh5 Kf7 50. Nc7 Kg6 51. Rh8 f5 52. Nd5 Rd3 53. Rd8 Kf7 54. Rd7+ Ke6 55. Nf4+ Kxd7 56. Nxd3 Ke6 57. g3 Kd5 58. Kg2 Kd4 59.
Ne1 Nf6 60. g4 fxg4 61. hxg4 Nxg4 62. Nf3+ Ke4 63. Nxe5 1/2-1/2

[Event "Live Chess"]
[Site "Chess.com"]
[Date "2023.05.21"]
[Round "-"]
[White "AMCWAML"]
[Black "BillythekidFellowes"]
[Result "1/2-1/2"]
[WhiteElo "2241"]
[BlackElo "2116"]
[TimeControl "300"]
[EndTime "7:59:12 PDT"]
[Termination "Game drawn by agreement"]

1. e4 Nc6 2. d4 d5 3. exd5 Qxd5 4. Nc3 Qxd4 5. Be3 Qxd1+ 6. Rxd1 e5 7. Nb5 Bd6 8. Nxd6+ cxd6 9. Rxd6 Nge7 10. Bb5 Bd7 11. Nf3 O-O-O 12. O-O f6 13. Rfd1 Bg4 14. Rxd8+ Rxd8 15.
Rxd8+ Nxd8 16. Nd2 a6 17. Bd3 Bf5 18. Ne4 Kc7 19.
h3 Nf7 20. g4 Bg6 21. f3 Nd6 22. Nxd6 Kxd6 23. Kf2 b5 24. Ke2 1/2-1/2

[Event "Live Chess"]
[Site "Chess.com"]
[Date "2023.05.21"]
[Round "-"]
[White "Conradical12"]
[Black "GEMdzq"]
[Result "0-1"]
[WhiteElo "1532"]
[BlackElo "2227"]
[TimeControl "300"]
[EndTime "7:59:12 PDT"]
[Termination "GEMdzq won by resignation"]

1. e4 d6 2. Nf3 Nf6 3. Nc3 g6 4. d4 Bg7 5. Be3 c6 6. Qd2 b5 7. O-O-O b4 8. Ne2 Nxe4 9. Qd3 Bf5 10. Ng3 Nxg3 11. hxg3 Bxd3 0-1

[Event "Live Chess"]
[Site "Chess.com"]
[Date "2023.05.21"]
[Round "-"]
[White "Mikhail_Golubev"]
[Black "BJAW87"]
[Result "1-0"]
[WhiteElo "2444"]
[BlackElo "1460"]
[TimeControl "300"]
[EndTime "7:59:19 PDT"]
[Termination "Mikhail_Golubev won by checkmate"]

1. Na3 e5 2. c3 Bxa3 3. bxa3 Nf6 4. d4 exd4 5. cxd4 O-O 6. g3 d5 7. Bg2 Re8 8. Nf3 Bg4 9. O-O c6 10. h3 Bh5 11. g4 Bg6 12. Ne5 Nbd7 13. Nxg6 hxg6 14.
Bf4 Qa5 15. Qb3 Qb6 16. e3 Ne4 17. Qc2 Ndf6 18. Rab1 Qa6 19. f3 Qxa3 20. fxe4 Nxe4 21. Bxe4 Rxe4 22. Rxb7 Rxf4 23. exf4 Qxh3 24. Qg2 Qe3+ 25. Qf2 Qh3 26. Qf3 Qh4 27. g5 a5 28. Kg2 Re8 29.
Rh1 Qe1 30. Rxe1 Rxe1 31. Rb8+ Kh7 32. Qh3# 1-0

[Event "Live Chess"]
[Site "Chess.com"]
[Date "2023.05.21"]
[Round "-"]
[White "lateforthesky"]
[Black "PantherCal"]
[Result "1-0"]
[WhiteElo "2095"]
[BlackElo "1856"]
[TimeControl "300"]
[EndTime "7:59:29 PDT"]
[Termination "lateforthesky won by resignation"]

1. e4 d5 2. exd5 Qxd5 3. Nc3 Qd8 4. Nf3 Nf6 5. Bc4 g6 6. Ne5 e6 7. d4 Bg7 8. O-O O-O 9. Bg5 Nbd7 10. Qe2 c6 11. a4 h6 12. Bh4 Qc7 13. Rfe1 Nd5 14. Nxg6 fxg6 15. Qxe6+ Kh7 16. Bxd5 Nf6 17. Qe5 Nxd5 18.
Qxc7 Nxc7 19. Re7 Nd5 20. Nxd5 cxd5 21. Rae1 Bf5 22. c3 g5 23. Bg3 b6 24. h4 Kg6 25.
h5+ Kf6 26. Rc7 Rfe8 27. Be5+ Rxe5 28. dxe5+ Ke6 29. Rxg7 a6 30. Rb7 b5 31. Rb6+ Ke7 32.
axb5 axb5 33. Rxh6 Ra2 34. Rb6 Rxb2 35. Ra1 Rc2 36. Ra7+ Kd8 37. Rb8+ Bc8 38. h6 1-0

[Event "Live Chess"]
[Site "Chess.com"]
[Date "2023.05.21"]
[Round "-"]
[White "nigelst"]
[Black "zdanevych"]
[Result "1-0"]
[WhiteElo "1705"]
[BlackElo "1463"]
[TimeControl "300"]
[EndTime "7:59:41 PDT"]
[Termination "nigelst won by resignation"]

1. e4 c5 2. Nf3 e6 3. c3 d5 4. exd5 exd5 5. d4 Nf6 6. Bd3 h6 7. O-O Be6 8. dxc5 Bxc5 9. Nd4 O-O 10. Nxe6 fxe6 11. Re1 Qd6 12. Qe2 Re8 13. Be3 b6 14.
Nd2 Nc6 15. Nb3 Bxe3 16. Qxe3 e5 17. Bg6 Re7 18. Qg3 Rf8 19. Nd4 Nxd4 20. cxd4 Nd7 21. dxe5 Rxe5 22. Bc2 Rxe1+ 23. Rxe1 Qxg3 24. hxg3 Nc5 25. Re7 Rf7 26. Re8+ Rf8 27. Re1 Kf7 28. Bb3 Nxb3 29.
axb3 Re8 30. Rd1 Ke6 31. f3 Kd6 32. Kf2 Re5 33. Rd4 Kc5 34. Rf4 Re7 35. g4 Kd6 36. b4 Ke6 37. b5 Rf7 38. Rd4 g6 39. Rd2 Kd6 40. Rc2 Rc7 41. Re2 Re7 42. Rd2 Rc7 43. f4 Rc5 44. Re2 Rxb5 45. f5 gxf5 46. gxf5 Rc5 47.
Re6+ Kd7 48. Rxh6 Rc6 49. Rh7+ Ke8 50. Rxa7 Rf6 51. g4 Kf8 52. Ke3 Ke8 53. Kd4 Rd6 54. g5 Rc6 55. Kxd5 Rc5+ 56. Ke6 1-0

[Event "Live Chess"]
[Site "Chess.com"]
[Date "2023.05.21"]
[Round "-"]
[White "Cimon"]
[Black "DRS44"]
[Result "1-0"]
[WhiteElo "1840"]
[BlackElo "1276"]
[TimeControl "300"]
[EndTime "7:59:45 PDT"]
[Termination "Cimon won on time"]

1. d4 d5 2. c4 e5 3. dxe5 d4 4.
e4 Nc6 5. f4 Bb4+ 6. Bd2 Qe7 7.
Nf3 Bxd2+ 8. Qxd2 f6 9. Nxd4 fxe5 10. Nxc6 bxc6 11. Nc3 Nf6 12. f5 O-O 13. Be2 h5 14.
Qe3 Ng4 15. Bxg4 hxg4 16. O-O Qh4 17. b3 Bd7 18. Rad1 Rad8 19. Na4 Bc8 20. Qg3 Qxg3 21. hxg3 Kf7 22. Nc5 Kf6 23. Kf2 Kg5 24. Ke2 Bxf5 25. exf5 Rxd1 26. Kxd1 Rd8+ 27. Ke2 Rd4 28. Ne6+ 1-0

[Event "Live Chess"]
[Site "Chess.com"]
[Date "2023.05.21"]
[Round "-"]
[White "educatedlad"]
[Black "garyjc"]
[Result "1-0"]
[WhiteElo "1626"]
[BlackElo "1079"]
[TimeControl "300"]
[EndTime "8:00:05 PDT"]
[Termination "educatedlad won by resignation"]

1. Nf3 Nf6 2. Nc3 g6 3. b3 Bg7 4. Bb2 O-O 5. h3 d6 6. g4 Be6 7.
d4 Nd5 8. Nxd5 Bxd5 9. Bg2 Nc6 10. c4 Bxf3 11. Bxf3 Nxd4 12. Bxd4 Bxd4 13. Qxd4 c5 14. Qc3 Qd7 15. h4 f5 16. gxf5 Qxf5 17. h5 Qe6 18.
Bd5 1-0

[Event "Live Chess"]
[Site "Chess.com"]
[Date "2023.05.21"]
[Round "-"]
[White "Ian-Morley"]
[Black "jimwad"]
[Result "1-0"]
[WhiteElo "1100"]
[BlackElo "1215"]
[TimeControl "300"]
[EndTime "8:00:10 PDT"]
[Termination "Ian-Morley won by resignation"]

1. e4 e5 2. Nf3 Nc6 3. Bc4 Bc5 4. c3 Nf6 5. Ng5 O-O 6. O-O h6 7. d3 hxg5 8. Bxg5 Be7 9. Bxf6 Bxf6 10. Qh5 d6 11.
Nd2 Ne7 12. f4 exf4 13. Rxf4 Ng6 14. Rf3 Be6 15. Bxe6 fxe6 16. Rh3 Qe8 17. Qh7+ Kf7 18. Rf1 Rh8 19. Rxf6+ Kxf6 20. Rf3+ Ke7 21. Qxg7+ Kd8 22.
Qf6+ Ne7 23. e5 dxe5 24. Qxe6 Qh5 25. h3 Qg6 26. Qc4 Rg8 27. g3 Qb6+ 28. Kg2 Qc6 29. Qh4 Rf8 30. Ne4 Rxf3 31. Kxf3 Kd7 32. Ke3 Re8 33.
Nf6+ Kd8 34. Nxe8 Qxe8 35. Qe4 Kc8 36. Qxe5 Nc6 37. Qxe8+ 1-0

[Event "Live Chess"]
[Site "Chess.com"]
[Date "2023.05.21"]
[Round "-"]
[White "SupremeTactician"]
[Black "NatashaRegan"]
[Result "1-0"]
[WhiteElo "2209"]
[BlackElo "1709"]
[TimeControl "300"]
[EndTime "8:00:11 PDT"]
[Termination "SupremeTactician won by resignation"]

1. e4 Nf6 2. e5 Nd5 3. d4 d6 4.
Nf3 dxe5 5. Nxe5 c6 6. c4 Nb4 7.
Be3 Bf5 8. Nd3 e5 9. Nxb4 Bxb4+ 10. Nc3 exd4 11. Qxd4 Qxd4 12. Bxd4 O-O 13. Be2 Nd7 14.
O-O c5 15. Be3 Bxc3 16. bxc3 b6 17.
Rad1 Rad8 18. Bf4 Nf6 19. Bf3 Be4 20. Be2 h6 21. Be5 Nd7 22. Bc7 Rde8 23. Rxd7 Bxg2 24. Kxg2 Rxe2 25. Rfd1 Rxa2 26. Bd6 Re8 27. Bg3 Kf8 28. Rb7 Re7 29. Bd6 1-0